 Dungeon Crawl Stone Soup version 0.29.1-1-gd02db6906a (webtiles) character file.

Game seed: 167582755672345511

6327 Icepheonix32 the Summoner (level 10, -5/63 HPs)
             Began as a Merfolk Summoner on Oct 10, 2022.
             Was an Initiate of Hepliaklqana.
             Hit by a silver javelin thrown by Urug (6 damage)
             ... on level 10 of the Dungeon.
             The game lasted 00:27:44 (12047 turns).

Icepheonix32 the Summoner (Merfolk Summoner)       Turns: 12047, Time: 00:27:45

Health: -5/63      AC:  7    Str:  9    XL:     10   Next: 95%
Magic:  13/13      EV: 12    Int: 25    God:    Hepliaklqana [......]
Gold:   433        SH:  0    Dex: 14    Spells: 6/15 levels left

rFire   . . .      SeeInvis .   w - +5 glaive (holy)
rCold   . . .      Faith    .   (shield currently unavailable)
rNeg    . . .      Spirit   .   a - +1 robe
rPois   +          Reflect  .   (no helmet)
rElec   .          Harm     .   (no cloak)
rCorr   .          Rampage  .   t - +1 pair of gloves
Will    .....                   (no boots)
Stlth   ++........              (no amulet)
HPRegen 0.20/turn               n - +6 ring of intelligence
MPRegen 0.13/turn               B - ring of wizardry

@: studying 2 skills
A: (nimble swimmer 2), mertail, iridescent scales 1, low MP 1, poison resistance
a: Renounce Religion


You were on level 10 of the Dungeon.
You worshipped Hepliaklqana.
Hepliaklqana was noncommittal.
You visited 2 branches of the dungeon, and saw 11 of its levels.

You collected 526 gold pieces.
You spent 93 gold pieces at shops.

Inventory:

Hand Weapons
 f - a +1 spear
 w - a +5 glaive of holy wrath (weapon)
 z - a +2 halberd
 A - the +6 mace "Impbane" {vamp, rF+ MP+9}
   (You found it on level 7 of the Dungeon)

   It occasionally heals its wielder for a portion of the damage dealt when it
   wounds a living foe.
   rF:        It protects you from fire.
   MP:        It affects your magic capacity (+9).
 D - a +3 trident
Missiles
 k - 6 boomerangs
 l - 5 silver boomerangs
Armour
 a - a +1 robe (worn)
 s - a +2 buckler
 t - a +1 pair of gloves (worn)
Jewellery
 e - a ring of positive energy
 n - a +6 ring of intelligence (left hand)
 o - a ring of magical power
 B - a ring of wizardry (right hand)
Wands
 c - a wand of light (5)
 d - a wand of flame (23)
 v - a wand of roots (1)
Scrolls
 g - a scroll of fear
 h - a scroll of teleportation
 p - 3 scrolls of blinking
 q - a scroll of immolation
 u - 3 scrolls of fog
 x - a scroll of brand weapon
 y - 5 scrolls of identify
 C - a scroll of amnesia
Potions
 b - 5 potions of magic
 i - 3 potions of curing
 j - 2 potions of lignification
 m - a potion of haste
 r - 3 potions of flight


   Skills:
 - Level 10.5 Polearms
 - Level 2.6 Dodging
 - Level 2.1 Stealth
 + Level 3.3 Spellcasting
 - Level 14.1 Summonings


You had 6 spell levels left.
You knew the following spells:

 Your Spells              Type           Power      Damage    Failure   Level
a - Summon Small Mammal   Summ           100%       N/A       1%          1
b - Call Imp              Summ           66%        N/A       1%          2
c - Call Canine Familiar  Summ           66%        N/A       1%          3
d - Summon Guardian Gole  Hex/Summ       39%        N/A       1%          3

Your spell library contained the following spells:

 Spells                   Type           Power      Damage    Failure   Level
 Summon Lightning Spire   Summ/Air       39%        N/A       2%          4
 Sting                    Tmut/Pois      16%        1d3       4%          1
 Ensorcelled Hibernation  Hex/Ice        8%         N/A       6%          2
 Passwall                 Tmut/Erth      3%         N/A       6%          2
 Poisonous Vapours        Pois/Air       8%         N/A       6%          2
 Static Discharge         Conj/Air       4%         3-4/arc   6%          2
 Sublimation of Blood     Necr           4%         N/A       6%          2
 Wereblood                Tmut           4%         N/A       6%          2
 Confusing Touch          Hex            4%         N/A       12%         3
 Gell's Gravitas          Tloc           4%         N/A       12%         3
 Spider Form              Tmut/Pois      4%         N/A       12%         3
 Swiftness                Air            4%         N/A       12%         3
 Teleport Other           Tloc           4%         N/A       12%         3
 Anguish                  Hex/Necr       2%         N/A       36%         4
 Dispel Undead            Necr           4%         3d7       36%         4
 Olgreb's Toxic Radiance  Pois           4%         N/A       36%         4
 Sticky Flame             Conj/Fire      4%         2d3       36%         4
 Yara's Violent Unravell  Hex/Tmut       2%         3d3       69%         5
 Dispersal                Tloc           2%         N/A       99%         6
 Summon Hydra             Summ           33%        N/A       11%         7
 Enfeeble                 Hex            2%         N/A       100%        7


Dungeon Overview and Level Annotations

Branches:
Dungeon (10/15)            Temple (1/1) D:5
   Lair: D:8-11         Orc: D:9-12

Altars:
Ashenzari
Cheibriados
Dithmenos
Fedhas
Gozag
Hepliaklqana
Kikubaaqudgha
Makhleb
Nemelex Xobeh
Okawaru
Qazlal
Ru
Sif Muna
Trog
Uskayaw
Vehumet
Wu Jian
Xom
Yredelemnul

Shops:
D:9 *

Annotations:
D:10 Urug


Innate Abilities, Weirdness & Mutations

((You are very nimble when in or above water. (Stealth+, EV+, Speed+++)))
Your lower body shifts to a powerful aquatic tail in water.
You are partially covered in iridescent scales. (AC +2)
Your magical capacity is low. (-10% MP)
Your system is resistant to poisons. (rPois)


Message History

You hear a shout! x3
Unknown command.
As you read the scroll of teleportation, it crumbles to dust.
You feel strangely unstable.
Your surroundings suddenly seem different.
There is a stone staircase leading down here.
There is an open gate here.
There is a stone staircase leading up here.
You climb upwards.
There is a stone staircase leading down here.
Things that are here:
3 stones; a +0 club Magic restored.
HP restored.
Done exploring.
You climb downwards.
Level annotation: Urug
There is a stone staircase leading up here.
You climb upwards.
There is a stone staircase leading down here.
Things that are here:
3 stones; a +0 club
(D) Dungeon (T) Temple
Where to? (Enter - D:10 @ (x,y), ? - help)
Okay, then.
You climb downwards.
Level annotation: Urug
There is a stone staircase leading up here.
The ancestor shouts!
Urug throws a silver javelin.
The silver javelin pierces through you! The silver sears you!
Urug throws a silver javelin.
The silver javelin pierces through you!!
The silver sears you!
* * * LOW HITPOINT WARNING * * *
Urug throws a silver javelin.
The silver javelin pierces through you!!
* * * LOW HITPOINT WARNING * * *
The silver sears you!
You die...

.............#.#...#.....##
..
#.........#.......####...#
.
#...........#...###§§##.##
#..........###...#W§§§###
#..........# ##..#######
..........## ##.#.._..##
#.........## #........#
#####......## #........#
##.........## #@#.._...#
##...........###.########
.............#....#R§§§#
.##...(...........##§§##
#.......<...#..>.####
#..............#.#### .
##...........#.#.#.. ..
..........o..###.#.#.####.#
#............# #.#.#.#.....


You could see Urug and a shadow.

Vanquished Creatures
  A two-headed ogre (D:10)
  Psyche (D:9)
  A shadow (D:7)
  2 wraiths (D:10)
  A steam dragon (D:5)
  Grum (D:8)
  An acid dragon (D:9)
  A water moccasin (D:7)
  An ice beast (D:8)
  Duvessa (D:7)
  A wolf (D:8)
  3 centaurs
  A phantom (D:4)
  A kobold brigand (D:8)
  A necrophage (D:6)
  6 wights
  A scorpion (D:5)
  Dowan (D:7)
  A killer bee (D:4)
  A howler monkey (D:6)
  7 orc priests
  A jelly (D:6)
  3 iguanas
  An orc wizard (D:5)
  3 adders
  11 gnolls
  A white imp (D:5)
  A dart slug (D:1)
  9 orcs
  4 endoplasms
  A giant cockroach (D:1)
  3 goblins (D:1)
  2 hobgoblins
  3 jackals (D:2)
  6 kobolds
  3 quokkas
  2 ball pythons
  4 bats
  3 frilled lizards
  A rat (D:2)
97 creatures vanquished.

Vanquished Creatures (collateral kills)
  A steam dragon (D:8)
  An orc warrior (D:6)
  4 ogres
  A wolf (D:8)
  A centaur (D:9)
  Blork the orc (D:5)
  A kobold brigand (D:9)
  A bullfrog (D:6)
  A necrophage (D:4)
  2 gnoll sergeants (D:7)
  4 wights
  A killer bee (D:10)
  2 hounds
  3 jellies
  2 orc priests (D:5)
  A gnoll bouda (D:6)
  An iguana (D:6)
  7 orc wizards
  4 gnolls
  2 adders
  A shadow imp (D:5)
  2 white imps
  2 worms
  18 orcs
  4 endoplasms
  4 giant cockroaches
  2 goblins (D:3)
  2 hobgoblins
  7 kobolds
  A quokka (D:1)
  3 ball pythons
  A bat (D:1)
  A rat (D:1)
89 creatures vanquished.

Vanquished Creatures (others)
  A troll (D:5)
  2 orc warriors (D:9)
  2 wolves (D:8)
  3 wights
  4 killer bees (D:10)
  A gnoll bouda (D:9)
  A gnoll (D:9)
14 creatures vanquished.

Grand Total: 200 creatures vanquished

Notes
Turn   | Place    | Note
-------+----------+-------------------------------------------
     0 | D:1      | Icepheonix32 the Merfolk Summoner began the quest for the
                  | Orb.
     0 | D:1      | Reached XP level 1. HP: 13/13 MP: 3/3
   592 | D:1      | Reached XP level 2. HP: 15/19 MP: 5/5
  1135 | D:1      | Learned a level 2 spell: Call Imp
  1502 | D:1      | Reached XP level 3. HP: 16/24 MP: 6/6
  1506 | D:1      | Learned a level 3 spell: Call Canine Familiar
  1917 | D:1      | Reached skill level 5 in Summonings
  1922 | D:1      | Gained mutation: You are partially covered in iridescent
                  | scales. (AC +2) [potion of mutation]
  1922 | D:1      | Gained mutation: Your magical capacity is low. (-10% MP)
                  | [potion of mutation]
  1922 | D:1      | Gained mutation: Your system is resistant to poisons.
                  | (rPois) [potion of mutation]
  2069 | D:2      | Found a faded altar of an unknown god.
  2475 | D:2      | You fall into a shaft and drop 2 floors!
  2584 | D:4      | Noticed a necrophage
  2597 | D:4      | Killed a necrophage
  2598 | D:4      | Reached skill level 6 in Summonings
  2598 | D:4      | Reached XP level 4. HP: 30/30 MP: 2/6
  2733 | D:3      | Reached XP level 5. HP: 25/35 MP: 1/7
  3271 | D:3      | Found a basalt altar of Yredelemnul.
  3444 | D:4      | Noticed a phantom
  3453 | D:4      | Killed a phantom
  3545 | D:4      | Reached skill level 7 in Summonings
  3545 | D:4      | Reached XP level 6. HP: 41/41 MP: 2/8
  4091 | D:5      | Entered Level 5 of the Dungeon
  4627 | D:5      | Found a staircase to the Ecumenical Temple.
  4640 | Temple   | Entered the Ecumenical Temple
  4951 | D:5      | Noticed Blork the orc
  4972 | D:5      | Killed Blork the orc
  4973 | D:5      | Reached skill level 8 in Summonings
  4973 | D:5      | Reached XP level 7. HP: 4/46 MP: 7/9
  5208 | D:5      | Learned a level 3 spell: Summon Guardian Golem
  5312 | D:5      | Found a sparkling altar of Nemelex Xobeh.
  5312 | D:5      | Found an opulent altar of Gozag.
  5495 | D:5      | Reached skill level 1 in Polearms
  5734 | D:5      | Noticed a troll
  5734 | D:5      | Noticed a steam dragon
  5962 | D:4      | Reached skill level 9 in Summonings
  6463 | D:4      | Reached XP level 8. HP: 19/52 MP: 9/9
  6946 | D:5      | Reached skill level 10 in Summonings
  7044 | D:5      | Killed a troll
  7279 | D:6      | Reached skill level 5 in Polearms
  7623 | D:6      | Reached skill level 11 in Summonings
  7623 | D:6      | Reached XP level 9. HP: 57/57 MP: 10/10
  8273 | D:7      | Identified the +6 mace "Impbane" {vamp, rF+ MP+9}
  8458 | D:7      | Reached skill level 12 in Summonings
  8665 | D:7      | Found an ornate altar of the Wu Jian Council.
  8676 | D:7      | Noticed Dowan
  8677 | D:7      | Noticed Duvessa
  8729 | D:7      | Killed Duvessa
  8731 | D:7      | Killed Dowan
  9428 | D:8      | Reached XP level 10. HP: 51/63 MP: 11/11
  9434 | D:8      | Noticed Grum
  9446 | D:8      | Killed Grum
  9450 | D:8      | Reached skill level 13 in Summonings
  9847 | D:8      | Found a hide-covered altar of Uskayaw.
 10419 | D:9      | Reached skill level 10 in Polearms
 10651 | D:9      | Noticed Psyche
 10660 | D:9      | Killed Psyche
 11166 | D:9      | Found Rumoleonk's Assorted Antiques.
 11172 | D:9      | Bought a scroll labelled VOX FUNGAIPRYA for 31 gold pieces
 11172 | D:9      | Bought a scroll of identify for 62 gold pieces
 11340 | D:9      | Found a sacrificial altar of Ru.
 11340 | D:9      | Found a burning altar of Makhleb.
 11374 | D:9      | Found an ancient bone altar of Kikubaaqudgha.
 11377 | D:9      | Found a stormy altar of Qazlal.
 11379 | D:9      | Found a snail-covered altar of Cheibriados.
 11513 | D:10     | Entered Level 10 of the Dungeon
 11655 | D:10     | Noticed a two-headed ogre
 11666 | D:10     | Killed a two-headed ogre
 11667 | D:10     | Reached skill level 14 in Summonings
 11840 | D:10     | Found a shadowy altar of Dithmenos.
 11841 | D:10     | Found a hazy altar of Hepliaklqana.
 11847 | D:10     | Became a worshipper of Hepliaklqana the Forgotten
 11871 | D:10     | Noticed Urug
 12047 | D:10     | HP: 1/63 [Urug/silver javelin (18)]
 12047 | D:10     | Hit by a silver javelin thrown by Urug

Illustrated notes

Levels and vault maps discovered:
D:1:      beargit_arrival_diablo_church, layout_basic, supply_closet_lemuel,
          chequers_serial_rivers_small_a, nicolae_wormholes
D:2:      layout_loops_ring, shapermc_ecumenical_altar_gd, serial_shops,
          nicolae_diamond_shop, chequers_serial_rivers_micro_d,
          dk_noncrumbling_3
D:3:      layout_loops_ring, mainiacjoe_overflow_brackets, bh_walls_and_bars
D:4:      layout_basic
D:5:      layout_loops_corners, grunt_temple_overflow_opulence,
          minmay_temple_entry_glass, minmay_manual_moon, uniq_blork_the_orc
D:6:      layout_basic, kennysheep_big_empty_room, nrook_pool_corridor,
          hex_medium
D:7:      layout_loops_ring, mainiacjoe_overflow_concentric_impassable,
          uniq_duvessa
D:8:      layout_rooms, nicolae_uskayaw_murder_on_the_dancefloor, uniq_grum
D:9:      layout_loops_ring, chequers_temple_overflow_minitemple, serial_shops,
          kennysheep_little_box, uniq_psyche
D:10:     layout_rooms, riverfiend_overflow_shadow_ancestor,
          dreamdust_divine_triumvirate, kennysheep_windowed_goal, uniq_urug
Temple:   nicolae_temple_great_sept

Skill      XL: |  1  2  3  4  5  6  7  8  9 10 |
---------------+-------------------------------+-----
Summonings     | 6 7 8 9 11 12 14 | 14.1
Polearms       | 2 5 8 10 | 10.5
Spellcasting   | 3 |  3.3
Dodging        | |  2.6
Stealth        | |  2.1

Action                   |  1- 3 |  4- 6 |  7- 9 | 10-12 || total
-------------------------+-------+-------+-------+-------++-------
Melee: Dagger            |    13 |       |       |       ||    13
       Mace              |     8 |       |       |       ||     8
       Unarmed           |     2 |       |       |       ||     2
       Spear             |    99 |    86 |       |       ||   185
       Punch             |     1 |       |       |       ||     1
       Glaive            |       |       |   122 |    84 ||   206
 Cast: Summon Small Mamm |    11 |       |       |       ||    11
       Call Canine Famil |     4 |     8 |    33 |    16 ||    61
       Call Imp          |     3 |     7 |    13 |     1 ||    24
       Summon Guardian G |       |       |     8 |     9 ||    17
Evoke: Wand              |       |       |     1 |       ||     1
  Use: Scroll            |     9 |     1 |     3 |     2 ||    15
       Potion            |     4 |     6 |     2 |       ||    12
 Stab: Sleeping          |     5 |     2 |     1 |     2 ||    10
Armor: Robe              |    41 |    17 |    28 |    18 ||   104
       Skin              |       |       |    16 |       ||    16
Dodge: Dodged            |    74 |    42 |    55 |    62 ||   233
